 Dungeon Crawl Stone Soup version 0.21.1-1-g345015f (webtiles) character file.

207 Fang the Chopper (level 5, -1/49 HPs)
             Began as a Gargoyle Berserker on May 21, 2018.
             Was a Believer of Trog.
             Slain by a killer bee (7 damage)
             ... on level 3 of the Dungeon.
             The game lasted 00:02:24 (1347 turns).

Fang the Chopper (Gargoyle Berserker)               Turns: 1347, Time: 00:02:24

Health: -1/49      AC:  6    Str: 26    XL:     5   Next: 85%
Magic:  5/5        EV: 12    Int:  8    God:    Trog [**....]
Gold:   140        SH:  0    Dex:  9    Spells: 4/4 levels left

rFire    . . .     SeeInvis .   a - +0 hand axe
rCold    . . .     Gourm    .   (no shield)
rNeg     + . .     Faith    .   b - +0 animal skin
rPois    ∞         Spirit   .   (no helmet)
rElec    +         Reflect  .   (no cloak)
rCorr    .         Harm     .   (no gloves)
MR       .....                  (no boots)
Stlth    ..........             (no amulet)
HPRegen  0.16/turn              f - +6 ring of slaying
MPRegen  0.09/turn              (no ring)

@: berserking, very quick
A: negative energy resistance 1, electricity resistance, unbreathing,
petrification resistance, rot immunity, AC +4
a: Berserk, Trog's Hand, Burn Spellbooks, Renounce Religion


You were on level 3 of the Dungeon.
You worshipped Trog.
Trog was pleased with you.
You were not hungry.

You visited 1 branch of the dungeon, and saw 3 of its levels.

You collected 140 gold pieces.

Inventory:

Hand Weapons
 a - a +0 hand axe (weapon)
Armour
 b - a +0 animal skin (worn)
Jewellery
 f - a +6 ring of slaying (left hand)
Scrolls
 e - a scroll of amnesia {unknown}
 h - 3 scrolls of remove curse {unknown}
 i - 4 scrolls of identify {unknown}
 l - a scroll of fog {unknown}
Potions
 d - a potion of heal wounds {unknown}
 g - a potion of might {unknown}
 j - a potion of curing {unknown}
 k - a potion of degeneration {unknown}
 o - a potion of cancellation {unknown}
Books
 m - a book of Cantrips

   Spells                             Type                      Level
   a - Confusing Touch                Hexes                        1
   b - Animate Skeleton               Necromancy                   1
   c - Summon Small Mammal            Summoning                    1
   d - Apportation                    Translocation                1
   Trog disapproves of the use of such an item.
 n - a book of Misfortune

   Spells                             Type                      Level
   a - Confusing Touch                Hexes                        1
   b - Confuse                        Hexes                        3
   c - Gell's Gravitas                Translocation                3
   d - Petrify                        Transmutation/Earth          4
   e - Metabolic Englaciation         Hexes/Ice                    5
   f - Yara's Violent Unravelling     Hexes/Transmutation          5
   Trog disapproves of the use of such an item.
Comestibles
 c - 8 rations


   Skills:
 + Level 4.2 Fighting
 + Level 4.8 Axes
 + Level 2.3 Armour
 + Level 2.3 Dodging
 + Level 0.3 Stealth


You had 4 spell levels left.
You didn't know any spells.

Dungeon Overview and Level Annotations

Branches:
Dungeon (3/15)

Altars:
Ashenzari
Wu Jian
Yredelemnul


Innate Abilities, Weirdness & Mutations

You are resistant to torment.
Your stone body is resilient. (AC +4)
You are immune to poison.
You resist negative energy. (rN+)
You are resistant to electric shocks. (rElec)
You can survive without breathing.
You are immune to petrification.
You are immune to rotting.


Message History

You slash the killer bee!
You kill the killer bee!
Trog accepts your kill.
You slash the killer bee! You miss the killer bee.
The killer bee closely misses you. x2
The killer bee stings you but does no damage.
Unknown command.
You closely miss the killer bee.
The killer bee is heavily wounded.
You hit the killer bee. You hit the frilled lizard.
You kill the frilled lizard!
Trog accepts your kill. The killer bee misses you. The killer bee stings you.
* * * LOW HITPOINT WARNING * * *
The killer bee barely misses you.
You miss the killer bee.
The killer bee is heavily wounded.
You closely miss the goblin. You slash the killer bee!
The killer bee stings you!
You die...

########## #/.......#
#........# #........#
##### +.....$..+ ...#
.##........###########.#
.r..(.yy†.......†.......
......g@.......######..#
..#$#####..........##..#
#.####..##.##..# #.#
##.# #.(# #.# .# ...#
#.# .# ##+## ..# .# ###
.#


You could see 2 killer bees, a goblin and a rat.

Vanquished Creatures
  2 killer bees (D:3)
  Crazy Yiuf (D:2)
  4 adders (D:2)
  3 dart slugs (D:2)
  2 giant cockroaches (D:2)
  6 goblins
  9 hobgoblins
  2 quokkas (D:2)
  9 bats
  4 frilled lizards
  3 kobolds
  7 rats
52 creatures vanquished.

Notes
Turn   | Place    | Note
-------+----------+-------------------------------------------
     0 | D:1      | Fang the Gargoyle Berserker began the quest for the Orb.
     0 | D:1      | Reached XP level 1. HP: 14/14 MP: 1/1
   261 | D:1      | Reached XP level 2. HP: 18/19 MP: 2/2
   531 | D:2      | Reached XP level 3. HP: 21/24 MP: 3/3
   553 | D:2      | Found a shattered altar of Ashenzari.
   594 | D:2      | Reached ** piety under Trog
   612 | D:2      | Found a basalt altar of Yredelemnul.
   925 | D:2      | Reached XP level 4. HP: 29/29 MP: 4/4
  1019 | D:2      | Found an ornate altar of the Wu Jian Council.
  1085 | D:2      | Found a runed door.
  1143 | D:2      | Noticed Crazy Yiuf
  1148 | D:2      | Killed Crazy Yiuf
  1222 | D:2      | Reached XP level 5. HP: 30/33 MP: 5/5
  1347 | D:3      | Slain by a killer bee

Skill      XL: |  1  2  3  4 |
---------------+-------------+-----
Axes           | 3 4 |  4.8
Fighting       | 4 |  4.2
Dodging        | 2 |  2.3
Armour         | |  2.3
Stealth        | |  0.3

Action                   |  1- 3 |  4- 6 || total
-------------------------+-------+-------++-------
Melee: Hand axe          |    88 |    32 ||   120
Invok: Berserk           |       |     2 ||     2
  Eat: Ration            |       |     1 ||     1
Armor: Animal skin       |    46 |    11 ||    57
Dodge: Dodged            |    63 |    35 ||    98
